 Dungeon Crawl Stone Soup version 0.29.0-4-gdea44cf6ec (webtiles) character file.

Game seed: 13827819254037171381

63 qw the Caller (level 4, -5/36 HPs)
             Began as a Ghoul Summoner on Sept 9, 2022.
             Slain by Terence
             ... wielding a +0 trident
              (11 damage)
             ... on level 2 of the Dungeon.
             The game lasted 00:01:08 (3076 turns).

qw the Caller (Ghoul Summoner)                      Turns: 3076, Time: 00:01:08

Health: -5/36      AC:  4    Str: 13    XL:     4   Next: 10%
Magic:  0/5        EV: 12    Int: 10    God:
Gold:   66         SH:  0    Dex:  9    Spells: 5/6 levels left

rFire   . . .      SeeInvis .   Y - +0 whip
rCold   + . .      Faith    .   (no shield)
rNeg    + + +      Spirit   .   a - +0 robe
rPois   inf        Reflect  .   (no helmet)
rElec   .          Harm     .   (no cloak)
rCorr   .          Rampage  .   g - +1 pair of gloves
Will    .....                   (no boots)
Stlth   ++........              (no amulet)
HPRegen 0.00/turn               (no ring)
MPRegen 0.09/turn               (no ring)

@: about to teleport, inhibited regen
A: claws 1, cold resistance 1, negative energy resistance 3, inhibited
regeneration, torment resistance 2, devour on kill
a: no special abilities


You were on level 2 of the Dungeon.
You visited 1 branch of the dungeon, and saw 2 of its levels.

You collected 66 gold pieces.


Innate Abilities, Weirdness & Mutations

You are immune to poison.
You have sharp fingernails.
Your flesh is cold resistant. (rC+)
You are immune to negative energy. (rN+++)
You do not regenerate when monsters are visible.
You are immune to unholy pain and torment.
You thrive by killing the living.


   Skills:
 - Level 2.0 Fighting
 + Level 2.6 Axes
 - Level 1.7 Dodging
 - Level 2.1 Stealth
 - Level 1.7 Spellcasting
 - Level 3.6 Summonings


You had 5 spell levels left.
You knew the following spells:

 Your Spells              Type           Power      Damage    Failure   Level
a - Summon Small Mammal   Summ           32%        N/A       8%          1

Your spell library contained the following spells:

 Spells                   Type           Power      Damage    Failure   Level
 Call Imp                 Summ           8%         N/A       11%         2
 Call Canine Familiar     Summ           8%         N/A       22%         3
 Summon Guardian Golem    Hex/Summ       4%         N/A       43%         3
 Summon Lightning Spire   Summ/Air       4%         N/A       83%         4

Inventory:

Hand Weapons
 Y - a +0 whip (weapon)
Armour
 a - a +0 robe (worn)
 e - a +0 plate armour
 g - a +1 pair of gloves (worn)
Scrolls
 b - a scroll of silence {unknown}
 c - a scroll of enchant weapon {unknown}
 f - a scroll of butterflies {unknown}
 i - a scroll of teleportation
Potions
 d - a potion of ambrosia {unknown}
 j - a potion of flight {unknown}

Dungeon Overview and Level Annotations

Branches:
Dungeon (2/15)

Altars:

Annotations:
D:2 Terence


Message History

Your bat completely misses Terence.
Your bat hits Terence but does no damage.
Terence hits you with a +0 trident.
You hit Terence.
Terence is lightly wounded.
Your bat hits Terence but does no damage.
Your bat barely misses Terence.
Terence misses your bat.
Your rat barely misses Terence.
You hit Terence but do no damage.
Terence is lightly wounded.
Your bat hits Terence but does no damage.
Terence hits you with a +0 trident.
Your rat bites Terence but does no damage.
You hit Terence but do no damage.
Your bat barely misses Terence.
Terence hits you with a +0 trident.
Your rat bites Terence.
Terence hits you with a +0 trident!
You hit Terence.
Terence is lightly wounded.
Your bat hits Terence but does no damage.
Your rat closely misses Terence.
Terence closely misses you.
You closely miss Terence.
Terence is lightly wounded.
Your bat closely misses Terence.
Your rat closely misses Terence.
Terence misses you.
3074 ||| CASTING Summon Small Mammal
Casting: Summon Small Mammal (safe; 8% risk of failure)
Confirm with . or Enter, or press ? or * to list all spells.
Your rat disappears in a puff of smoke!
Your bat barely misses Terence.
Terence hits you with a +0 trident.
You hit Terence but do no damage.
Terence is lightly wounded.
Your bat misses Terence.
Terence says, "Rest in peace."
Terence hits you with a +0 trident.
3076 ||| READING 2 scrolls of teleportation.
As you read the scroll of teleportation, it crumbles to dust.
You feel strangely unstable.
Your bat hits Terence but does no damage.
Terence hits you with a +0 trident!
You die...

.# #....$.... .#
#........... .#
#........... .########
#........... .........
#...........
.############%..........
.###........'...........
.).##.#######....rb.....
#.....#.........@@..(...
#..#..#...##.....¤......
...#..###.##....¤¤......
...#..#......###########
...#..#.#.#######
..........#.....#
#..#....#.#.###.#
#.......#.....#.# .. ...
##.#.##.#.#.#.#.# ..#..#


You could see Terence (ally target), a friendly bat (summoned) and a friendly
rat (summoned).

Vanquished Creatures
  2 adders (D:2)
  A ball python (D:2)
  2 endoplasms (D:2)
  A giant cockroach (D:1)
  A goblin (D:1)
  A hobgoblin (D:1)
  2 quokkas (D:2)
  A frilled lizard (D:2)
  2 rats (D:1)
13 creatures vanquished.

Vanquished Creatures (collateral kills)
  3 dart slugs
  2 ball pythons
  4 endoplasms
  2 goblins (D:2)
  4 kobolds
  A quokka (D:1)
  5 bats (D:1)
  2 frilled lizards (D:1)
  A rat (D:1)
24 creatures vanquished.

Vanquished Creatures (others)
  3 fungi (D:2)
3 creatures vanquished.

Grand Total: 40 creatures vanquished

Notes
Turn   | Place    | Note
-------+----------+-------------------------------------------
     0 | D:1      | qw the Ghoul Summoner began the quest for the Orb.
     0 | D:1      | Reached XP level 1. HP: 14/14 MP: 2/2
     0 | D:1      | 0 ||| qw: Version: 0.1-a-113-g051387a
     0 | D:1      | 0 ||| qw: Game counter: 7199
     0 | D:1      | 0 ||| qw: Always use a shield: true
     0 | D:1      | 0 ||| qw: God list: Okawaru
     0 | D:1      | 0 ||| qw: Allow faded altars: false
     0 | D:1      | 0 ||| qw: Do Orc after D:15 true
     0 | D:1      | 0 ||| qw: Do second Lair branch before Depths: true
     0 | D:1      | 0 ||| qw: Lair rune preference: random
     0 | D:1      | 0 ||| qw: Plans: Normal
     0 | D:1      | 0 ||| PLANNING D:1-11
    30 | D:1      | 30 ||| CASTING Summon Small Mammal
    31 | D:1      | 31 ||| CASTING Summon Small Mammal
    43 | D:1      | 43 ||| CASTING Summon Small Mammal
    75 | D:1      | 75 ||| Wielding weapon +0 dagger.
    79 | D:1      | 79 ||| CASTING Summon Small Mammal
    80 | D:1      | 80 ||| CASTING Summon Small Mammal
    91 | D:1      | 91 ||| CASTING Summon Small Mammal
   139 | D:1      | 139 ||| CASTING Summon Small Mammal
   140 | D:1      | 140 ||| CASTING Summon Small Mammal
   194 | D:1      | 194 ||| CASTING Summon Small Mammal
   195 | D:1      | 195 ||| CASTING Summon Small Mammal
   199 | D:1      | Reached skill level 1 in Axes
   238 | D:1      | 238 ||| CASTING Summon Small Mammal
   239 | D:1      | 239 ||| CASTING Summon Small Mammal
   266 | D:1      | 266 ||| CASTING Summon Small Mammal
   267 | D:1      | 267 ||| CASTING Summon Small Mammal
   274 | D:1      | Reached XP level 2. HP: 22/22 MP: 0/3
   307 | D:1      | 307 ||| CASTING Summon Small Mammal
   308 | D:1      | 308 ||| CASTING Summon Small Mammal
   309 | D:1      | 309 ||| CASTING Summon Small Mammal
   319 | D:1      | Reached skill level 1 in Fighting
   368 | D:1      | 368 ||| Stepping ~*~*~tactically~*~*~ (hiding).
   470 | D:1      | 470 ||| Stepping ~*~*~tactically~*~*~ (hiding).
   572 | D:1      | 572 ||| Stepping ~*~*~tactically~*~*~ (hiding).
   674 | D:1      | 674 ||| Stepping ~*~*~tactically~*~*~ (hiding).
   776 | D:1      | 776 ||| Stepping ~*~*~tactically~*~*~ (hiding).
   878 | D:1      | 878 ||| Stepping ~*~*~tactically~*~*~ (hiding).
   980 | D:1      | 980 ||| Stepping ~*~*~tactically~*~*~ (hiding).
   981 | D:1      | 981 ||| Stepping ~*~*~tactically~*~*~ (hiding).
   982 | D:1      | 982 ||| CASTING Summon Small Mammal
   983 | D:1      | 983 ||| CASTING Summon Small Mammal
   984 | D:1      | 984 ||| CASTING Summon Small Mammal
  1025 | D:1      | 1025 ||| CASTING Summon Small Mammal
  1026 | D:1      | 1026 ||| CASTING Summon Small Mammal
  1027 | D:1      | 1027 ||| CASTING Summon Small Mammal
  1034 | D:1      | 1034 ||| Stepping ~*~*~tactically~*~*~ (outnumbered).
  1035 | D:1      | 1035 ||| Stepping ~*~*~tactically~*~*~ (outnumbered).
  1037 | D:1      | 1037 ||| CASTING Summon Small Mammal
  1077 | D:1      | 1077 ||| SWAPPING to +0 whip.
  1078 | D:1      | 1078 ||| DROPPING +0 dagger.
  1087 | D:1      | 1087 ||| CASTING Summon Small Mammal
  1088 | D:1      | 1088 ||| CASTING Summon Small Mammal
  1089 | D:1      | 1089 ||| CASTING Summon Small Mammal
  1099 | D:1      | 1099 ||| CASTING Summon Small Mammal
  1143 | D:1      | 1143 ||| CASTING Summon Small Mammal
  1144 | D:1      | 1144 ||| CASTING Summon Small Mammal
  1145 | D:1      | 1145 ||| CASTING Summon Small Mammal
  1155 | D:1      | 1155 ||| CASTING Summon Small Mammal
  1223 | D:1      | 1223 ||| CASTING Summon Small Mammal
  1224 | D:1      | 1224 ||| CASTING Summon Small Mammal
  1225 | D:1      | 1225 ||| CASTING Summon Small Mammal
  1267 | D:1      | 1267 ||| CASTING Summon Small Mammal
  1268 | D:1      | 1268 ||| CASTING Summon Small Mammal
  1269 | D:1      | 1269 ||| CASTING Summon Small Mammal
  1280 | D:1      | 1280 ||| CASTING Summon Small Mammal
  1284 | D:1      | Reached XP level 3. HP: 24/28 MP: 0/4
  1326 | D:1      | 1326 ||| CASTING Summon Small Mammal
  1327 | D:1      | 1327 ||| CASTING Summon Small Mammal
  1328 | D:1      | 1328 ||| CASTING Summon Small Mammal
  1329 | D:1      | 1329 ||| CASTING Summon Small Mammal
  1410 | D:1      | 1410 ||| CASTING Summon Small Mammal
  1412 | D:1      | 1412 ||| CASTING Summon Small Mammal
  1413 | D:1      | 1413 ||| CASTING Summon Small Mammal
  1414 | D:1      | 1414 ||| CASTING Summon Small Mammal
  1481 | D:1      | 1481 ||| CASTING Summon Small Mammal
  1482 | D:1      | 1482 ||| CASTING Summon Small Mammal
  1483 | D:1      | 1483 ||| CASTING Summon Small Mammal
  1484 | D:1      | 1484 ||| CASTING Summon Small Mammal
  1557 | D:1      | 1557 ||| UPGRADING to +0 pair of gloves.
  1562 | D:1      | 1562 ||| READING 2 scrolls labelled ZUYRPHO XATTIE.
  1566 | D:1      | 1566 ||| READING 2 scrolls labelled CUUFROECHO.
  1567 | D:1      | 1567 ||| READING scroll of enchant armour.
  1567 | D:1      | 1567 ||| ENCHANTING +0 pair of gloves.
  1568 | D:1      | 1568 ||| READING scroll labelled KEIDWU WUPIFF.
  1569 | D:1      | 1569 ||| READING 2 scrolls labelled FUNANL ODERR.
  1570 | D:1      | 1570 ||| READING scroll labelled NONEFA QAUPE.
  1571 | D:1      | 1571 ||| DROPPING potion of magic.
  1572 | D:1      | 1572 ||| DROPPING scroll of noise.
  1589 | D:2      | 1589 ||| Stepping ~*~*~tactically~*~*~ (hiding).
  1590 | D:2      | 1590 ||| CASTING Summon Small Mammal
  1591 | D:2      | 1591 ||| CASTING Summon Small Mammal
  1592 | D:2      | 1592 ||| CASTING Summon Small Mammal
  1624 | D:2      | 1624 ||| Stepping ~*~*~tactically~*~*~ (hiding).
  1726 | D:2      | 1726 ||| Stepping ~*~*~tactically~*~*~ (hiding).
  1828 | D:2      | 1828 ||| Stepping ~*~*~tactically~*~*~ (hiding).
  1930 | D:2      | 1930 ||| Stepping ~*~*~tactically~*~*~ (hiding).
  2032 | D:2      | 2032 ||| Stepping ~*~*~tactically~*~*~ (hiding).
  2039 | D:2      | 2039 ||| CASTING Summon Small Mammal
  2040 | D:2      | 2040 ||| CASTING Summon Small Mammal
  2041 | D:2      | 2041 ||| CASTING Summon Small Mammal
  2042 | D:2      | 2042 ||| CASTING Summon Small Mammal
  2092 | D:2      | 2092 ||| CASTING Summon Small Mammal
  2093 | D:2      | 2093 ||| CASTING Summon Small Mammal
  2094 | D:2      | 2094 ||| CASTING Summon Small Mammal
  2095 | D:2      | 2095 ||| CASTING Summon Small Mammal
  2103 | D:2      | 2103 ||| CASTING Summon Small Mammal
  2149 | D:2      | 2149 ||| CASTING Summon Small Mammal
  2150 | D:2      | 2150 ||| CASTING Summon Small Mammal
  2151 | D:2      | 2151 ||| CASTING Summon Small Mammal
  2152 | D:2      | 2152 ||| CASTING Summon Small Mammal
  2233 | D:2      | 2233 ||| CASTING Summon Small Mammal
  2234 | D:2      | 2234 ||| CASTING Summon Small Mammal
  2235 | D:2      | 2235 ||| CASTING Summon Small Mammal
  2236 | D:2      | 2236 ||| CASTING Summon Small Mammal
  2339 | D:2      | 2339 ||| CASTING Summon Small Mammal
  2340 | D:2      | 2340 ||| CASTING Summon Small Mammal
  2341 | D:2      | 2341 ||| CASTING Summon Small Mammal
  2342 | D:2      | 2342 ||| CASTING Summon Small Mammal
  2388 | D:2      | 2388 ||| CASTING Summon Small Mammal
  2389 | D:2      | 2389 ||| CASTING Summon Small Mammal
  2390 | D:2      | 2390 ||| CASTING Summon Small Mammal
  2391 | D:2      | 2391 ||| CASTING Summon Small Mammal
  2399 | D:2      | 2399 ||| CASTING Summon Small Mammal
  2452 | D:2      | 2452 ||| CASTING Summon Small Mammal
  2453 | D:2      | 2453 ||| CASTING Summon Small Mammal
  2454 | D:2      | 2454 ||| CASTING Summon Small Mammal
  2455 | D:2      | 2455 ||| CASTING Summon Small Mammal
  2512 | D:2      | 2512 ||| CASTING Summon Small Mammal
  2513 | D:2      | 2513 ||| CASTING Summon Small Mammal
  2514 | D:2      | 2514 ||| CASTING Summon Small Mammal
  2515 | D:2      | 2515 ||| CASTING Summon Small Mammal
  2584 | D:2      | 2584 ||| CASTING Summon Small Mammal
  2585 | D:2      | 2585 ||| CASTING Summon Small Mammal
  2586 | D:2      | 2586 ||| CASTING Summon Small Mammal
  2587 | D:2      | 2587 ||| CASTING Summon Small Mammal
  2640 | D:2      | 2640 ||| Stepping ~*~*~tactically~*~*~ (stealth).
  2641 | D:2      | 2641 ||| CASTING Summon Small Mammal
  2642 | D:2      | 2642 ||| CASTING Summon Small Mammal
  2643 | D:2      | 2643 ||| CASTING Summon Small Mammal
  2644 | D:2      | 2644 ||| CASTING Summon Small Mammal
  2652 | D:2      | 2652 ||| CASTING Summon Small Mammal
  2762 | D:2      | 2762 ||| CASTING Summon Small Mammal
  2763 | D:2      | 2763 ||| CASTING Summon Small Mammal
  2764 | D:2      | 2764 ||| CASTING Summon Small Mammal
  2765 | D:2      | 2765 ||| CASTING Summon Small Mammal
  2773 | D:2      | 2773 ||| CASTING Summon Small Mammal
  2848 | D:2      | 2848 ||| CASTING Summon Small Mammal
  2849 | D:2      | 2849 ||| CASTING Summon Small Mammal
  2855 | D:2      | 2855 ||| CASTING Summon Small Mammal
  2856 | D:2      | 2856 ||| CASTING Summon Small Mammal
  2859 | D:2      | 2859 ||| CASTING Summon Small Mammal
  2994 | D:2      | 2994 ||| CASTING Summon Small Mammal
  2995 | D:2      | 2995 ||| CASTING Summon Small Mammal
  2996 | D:2      | 2996 ||| CASTING Summon Small Mammal
  2997 | D:2      | 2997 ||| CASTING Summon Small Mammal
  3005 | D:2      | 3005 ||| CASTING Summon Small Mammal
  3011 | D:2      | Reached XP level 4. HP: 33/36 MP: 0/5
  3062 | D:2      | Noticed Terence
  3063 | D:2      | 3063 ||| CASTING Summon Small Mammal
  3064 | D:2      | 3064 ||| CASTING Summon Small Mammal
  3065 | D:2      | 3065 ||| CASTING Summon Small Mammal
  3066 | D:2      | 3066 ||| CASTING Summon Small Mammal
  3067 | D:2      | 3067 ||| CASTING Summon Small Mammal
  3074 | D:2      | 3074 ||| CASTING Summon Small Mammal
  3075 | D:2      | HP: 6/36 [Terence/+0 trident (6)]
  3076 | D:2      | 3076 ||| READING 2 scrolls of teleportation.
  3076 | D:2      | Slain by Terence

Levels and vault maps discovered:
D:1:      mrwooster_arrival_statue, layout_rooms
D:2:      layout_basic, shapermc_ecumenical_altar_hornbeckon, serial_shops,
          shop, uniq_terence

Skill      XL: |  1  2  3 |
---------------+----------+-----
Axes           | 1 2 |  2.6
Fighting       | 1 2 |  2.0
Dodging        | |  1.7
Stealth        | |  2.1
Spellcasting   | |  1.7
Summonings     | |  3.6

Action                   |  1- 3 |  4- 6 || total
-------------------------+-------+-------++-------
Melee: Dagger            |    21 |       ||    21
       Unarmed           |     4 |       ||     4
       Whip              |    65 |     6 ||    71
 Cast: Summon Small Mamm |   106 |     6 ||   112
  Use: Scroll            |     6 |     1 ||     7
Armor: Robe              |    30 |       ||    30
Dodge: Dodged            |    74 |     2 ||    76

Table legend:
 A = Non-vault XP
 B = Vault XP
 C = Vault XP percentage of total XP
 D = Non-vault monster count
 E = Vault monster count
 F = Vault count percentage of total count
                 A         B        C        D         E       F
            +---------+---------+-------+---------+---------+-------
      Total |      91 |       0 |   0.0 |      37 |       0 |   0.0
            +---------+---------+-------+---------+---------+-------
        D:1 |      38 |       0 |   0.0 |      22 |       0 |   0.0
        D:2 |      53 |       0 |   0.0 |      15 |       0 |   0.0
            +---------+---------+-------+---------+---------+-------
